 Dungeon Crawl Stone Soup version 0.24-a0-368-g0e0cebd0f3 (webtiles) character file.

Game seed: 16440463825520701050

32 MisterFreud the Bolt Thrower (level 3, -2/30 HPs)
             Began as a Formicid Hunter on May 29, 2019.
             Slain by Crazy Yiuf
             ... wielding a +4 quarterstaff of chaos
              (7 damage)
             ... on level 2 of the Dungeon.
             The game lasted 00:02:55 (1422 turns).

MisterFreud the Bolt Thrower (Formicid Hunter)      Turns: 1422, Time: 00:02:55

Health: -2/30      AC:  3    Str: 16    XL:     3   Next: 42%
Magic:  3/3        EV: 11    Int: 11    God:
Gold:   48         SH:  0    Dex: 11    Spells: 2/2 levels left

rFire    + . .     SeeInvis +   p - +1 mace (crush)
rCold    . . .     Gourm    .   (no shield)
rNeg     . . .     Faith    .   c - +0 leather armour
rPois    .         Spirit   .   (helmet unavailable)
rElec    .         Reflect  .   (no cloak)
rCorr    .         Harm     .   (no gloves)
MR       .....                  (no boots)
Stlth    +.........             (no amulet)
HPRegen  0.10/turn              o - ring of protection from fire
MPRegen  0.08/turn              (no ring)

@: no status effects
A: permanent stasis, dig shafts and tunnels, four strong arms, antennae 3
a: Dig, Shaft Self


You were on level 2 of the Dungeon.
You were not hungry.

You visited 1 branch of the dungeon, and saw 2 of its levels.

You collected 48 gold pieces.

Inventory:

Hand Weapons
 a - a +1 hand crossbow
 b - a +0 short sword
 p - a +1 mace of crushing (weapon)
Missiles
 d - 20 bolts
Armour
 c - a +0 leather armour (worn)
Jewellery
 o - a ring of protection from fire (left hand)
Scrolls
 g - 2 scrolls of blinking {unknown}
 h - a scroll of identify {unknown}
 k - 2 scrolls of teleportation {unknown}
 n - a scroll of immolation {unknown}
Potions
 e - a potion of magic {unknown}
 j - a potion of might {unknown}
 l - a potion of heal wounds {unknown}
 m - a potion of flight {unknown}
Comestibles
 f - a ration
 i - 2 chunks of flesh


   Skills:
 + Level 4.0 Fighting
 - Level 4.0 Crossbows
 - Level 1.7 Dodging
 - Level 1.2 Stealth


You had 2 spell levels left.
You didn't know any spells.
Your spell library was empty.

Dungeon Overview and Level Annotations

Branches:
Dungeon (2/15)

Altars:

Annotations:
D:2 Crazy Yiuf


Innate Abilities, Weirdness & Mutations

You cannot be hasted, slowed, berserked, paralysed or teleported.
You can dig through walls and to a lower floor.
Your four strong arms can wield two-handed weapons with a shield.
You have a pair of large antennae on your head. (SInv)


Message History

You hit Crazy Yiuf but do no damage.
Crazy Yiuf hits you with a +4 quarterstaff of chaos.
Crazy Yiuf misses you.
You hit Crazy Yiuf.
Crazy Yiuf is moderately wounded.
Crazy Yiuf hits you with a +4 quarterstaff of chaos!
You closely miss Crazy Yiuf.
Crazy Yiuf is moderately wounded.
Crazy Yiuf sings, "Trees, trees, trees, circus!"
Crazy Yiuf hits you with a +4 quarterstaff of chaos.
You hit Crazy Yiuf.
Crazy Yiuf is heavily wounded.
Crazy Yiuf hits you with a +4 quarterstaff of chaos!
* * * LOW HITPOINT WARNING * * *
Crazy Yiuf freezes you.
* * * LOW HITPOINT WARNING * * *
You hit Crazy Yiuf.
Crazy Yiuf is severely wounded.
Crazy Yiuf hits you with a +4 quarterstaff of chaos!
You die... ....♣♣ P.P

.. ♣.♣ .P
♣.P♣♣♣P♣
#####
.♣♣P♣.♣♣#
#).)#
..)♣.[♣.#
#...#
........#
)).
........####
#g#
...........#
#@##
##########.#
##.# #.#
#.## #.#
##.# #.#
##)## #.#
##PP.# #.#
#...P# #.#
##..##
#.####....#


You could see Crazy Yiuf.

Vanquished Creatures
  An ooze (D:1)
  A worm (D:2)
  A leopard gecko (D:1)
  5 bats (D:1)
  2 goblins (D:1)
  2 hobgoblins (D:1)
  10 frilled lizards (D:1)
  4 kobolds (D:1)
  2 rats (D:1)
28 creatures vanquished.

Notes
Turn   | Place    | Note
-------+----------+-------------------------------------------
     0 | D:1      | MisterFreud the Formicid Hunter began the quest for the
                  | Orb.
     0 | D:1      | Reached XP level 1. HP: 16/16 MP: 1/1
   171 | D:1      | Reached XP level 2. HP: 19/23 MP: 2/2
   647 | D:1      | Reached XP level 3. HP: 29/29 MP: 3/3
  1307 | D:2      | Found a runed translucent door.
  1308 | D:2      | Noticed Crazy Yiuf
  1422 | D:2      | Slain by Crazy Yiuf

Levels and vault maps discovered:
D:1:      eino_arrival_cavern_e, layout_basic, minmay_lizard_pond
D:2:      layout_basic, serial_forest, infiniplex_forest_clump_cross,
          infiniplex_forest_clump_curved, infiniplex_forest_3_way,
          infiniplex_forest_zigzag_1, infiniplex_forest_split,
          infiniplex_forest_clump_curved, infiniplex_forest_clump_C,
          infiniplex_forest_corner_1, first_ration, uniq_terence, uniq_jessica,
          uniq_crazy_yiuf_cottage

Skill      XL: |  1  2  3 |
---------------+----------+-----
Fighting       | 3 4 |  4.0
Crossbows      | |  4.0
Dodging        | |  1.7
Stealth        | |  1.2

Action                   || total
-------------------------++-------
Melee: Short sword       ||    89
       Mace              ||     5
 Fire: Hand crossbow     ||     6
  Eat: Chunk             ||     2
Armor: Leather armour    ||    27
Dodge: Dodged            ||    45

Table legend:
 A = Non-vault XP
 B = Vault XP
 C = Vault XP percentage of total XP
 D = Non-vault monster count
 E = Vault monster count
 F = Vault count percentage of total count
                 A         B        C        D         E       F
            +---------+---------+-------+---------+---------+-------
      Total |      38 |       8 |  17.4 |      20 |       8 |  28.6
            +---------+---------+-------+---------+---------+-------
        D:1 |      33 |       8 |  19.5 |      19 |       8 |  29.6
        D:2 |       5 |       0 |   0.0 |       1 |       0 |   0.0
            +---------+---------+-------+---------+---------+-------
